 Dungeon Crawl Stone Soup version 0.30-b1-2-g02819fbbbe (webtiles) character file.

Game seed: 5917853704480826474

2008 Fartwhistle the Changer (level 9, 0/82 (87) HPs)
             Began as an Octopode Transmuter on May 26, 2023.
             Was an Initiate of Gozag.
             Constricted to death by Maggie (6 damage)
             ... on level 7 of the Dungeon.
             The game lasted 00:19:30 (6265 turns).

Fartwhistle the Changer (Octopode Transmuter)       Turns: 6265, Time: 00:19:31

HP:   0/82 (87)     AC:  2    Str: 10    XL:     9   Next: 22%
MP:   12/15         EV: 16    Int: 19    God:    Gozag
Gold: 397           SH:  5    Dex: 17    Spells: 9/17 levels left

rFire   . . .        t - melded staff of poison
rCold   . . .        (shield currently unavailable)
rNeg    . . .        (helmet currently unavailable)
rPois   x            f - amulet of reflection
rElec   .            (no ring)
rCorr   .            (no ring)
SInv    .            (no ring)
Will    .....        (no ring) Stlth
                     (no ring)
HPRegen 0.33/turn    (no ring)
MPRegen 0.14/turn    (no ring)
                     (no ring)

%: reflection
@: berserking, spider-form, grasped by roots, gold aura, constricted, drained,
very quick
A: venomous fangs, almost no armour, (amphibious), 8 rings, tiny, (camouflage
1), (gelatinous body 1), (nimble swimmer 1), (tentacles)
a: End Transformation, Renounce Religion, Potion Petition, Call Merchant, Bribe
Branch


You were on level 7 of the Dungeon.
You worshipped Gozag.
Gozag was aware of your devotion.
You were a venomous arachnid creature.
You visited 3 branches of the dungeon, and saw 11 of its levels.

You collected 500 gold pieces.
You spent 48 gold pieces at shops.
You paid 55 gold pieces to Gozag.

Inventory:

Missiles
 e - 11 boomerangs
 i - 28 poisoned darts
 x - a throwing net
Magical Staves
 t - a staff of poison (melded)
Jewellery
 f - an amulet of reflection (around neck)
 l - a ring of fire
Wands
 o - a wand of paralysis (4)
Scrolls
 d - 3 scrolls of enchant armour
 j - 2 scrolls of noise
 k - 2 scrolls of vulnerability
 n - a scroll of fear
 s - a scroll of enchant weapon
Potions
 b - a potion of curing
 c - a potion of magic
 g - a potion of berserk rage
 p - a potion of might {unknown}
 r - 2 potions of haste {unknown}
 u - a potion of mutation {unknown}
 w - a potion of ambrosia {unknown}


   Skills:
 - Level 4.0 Fighting
 - Level 2.0 Dodging
 - Level 5.0 Unarmed Combat
 + Level 4.6 Spellcasting
 + Level 6.4 Transmutations
 * Level 4.9 Ice Magic
 - Level 3.0 Poison Magic
 + Level 3.6 Evocations


You had 9 spell levels left.
You knew the following spells:

 Your Spells              Type           Power      Damage    Failure   Level
a - Beastly Appendage     Tmut           56%        N/A       4%          1
b - Spider Form           Tmut/Pois      22%        N/A       16%         3
c - Ice Form              Ice/Tmut       26%        N/A       28%         4

Your spell library contained the following spells:

 Spells                   Type           Power      Damage    Failure   Level
 Wereblood                Tmut           28%        N/A       6%          2
 Lesser Beckoning         Tloc           8%         N/A       41%         2
 Sublimation of Blood     Necr           4%         N/A       41%         2
 Petrify                  Tmut/Erth      16%        N/A       56%         4
 Gell's Gravitas          Tloc           4%         N/A       58%         3
 Teleport Other           Tloc           4%         N/A       58%         3
 Irradiate                Conj/Tmut      8%         3d14      85%         5


Dungeon Overview and Level Annotations

Branches:
Dungeon (9/15)             Temple (1/1) D:4             Orc (1/2) D:9
   Lair: D:8-11

Altars:
Ashenzari
Dithmenos
Elyvilon
Fedhas
Gozag
Hepliaklqana
Makhleb
Nemelex Xobeh
Okawaru
Qazlal
Ru
Trog
Uskayaw
Wu Jian
Xom
Yredelemnul
The Shining One

Shops:
D:1 *   D:2 [

Annotations:
D:2 Sigmund
D:7 exclusion: water moccasin, Maggie


Innate Abilities, Weirdness & Mutations

You are a venomous arachnid creature.
You have venomous fangs.
You are tiny and dextrous.
Your spellcasting is less reliable in this form.
Your armour is entirely melded.
You are incapable of wielding weapons or throwing items.
You cannot wear most types of armour.
((You are amphibious.))
You can wear up to eight rings at the same time.
((Your skin changes colour to match your surroundings (Stealth+).))
((Your rubbery body absorbs attacks. (AC +1, EV +1)))
((You are camouflaged when in or above water. (Stealth+)))
((You have tentacles for arms and can constrict up to eight enemies at once.))


Message History

Maggie gestures wildly while chanting.
Maggie attempts to bespell you! You resist with almost no effort.
Okay, then.
Okay, then.
Casting: Ice Form (dangerous; 13% risk of failure)
Confirm with . or Enter, or press ? or * to list all spells.
You feel a surge of power!
You turn into a venomous arachnid creature.
Your staff of poison melds into your body.
A red film seems to cover your vision as you go berserk!
You feel yourself moving faster!
You feel mighty! The wight completely misses you.
You are too injured to fight recklessly!
You are too injured to fight recklessly!
You are too injured to fight recklessly!
You are too injured to fight recklessly!
The helpless wight fails to defend itself.
You bite the wight!
You destroy the wight!
A wight comes into view. It is wielding a +0 mace.
The wight hits you with a +0 mace.
* * * LOW HITPOINT WARNING * * *
You feel drained.
* * * LOW HITPOINT WARNING * * *
Maggie casts a spell.
Things that are here:
16 gold pieces; a +0 spear; a +0 robe You bite Maggie!
Maggie is lightly wounded.
You bite Maggie!
Maggie is moderately wounded.
The wight hits you with a +0 mace.
* * * LOW HITPOINT WARNING * * *
The wight completely misses you.
Maggie zaps a wand.
The roots erupt in riotous growth!
The grasping roots grab you!
The wight is unaffected.
Maggie is unaffected.
The wight is unaffected.
The grasping roots constrict you.
You die...
Your body crumbles into a pile of gold.

#...).#.###.#
*********#####.#.#...#
*,,,,,,,* #.#.#.#.#
*,,,,,,,* #.#.#.#.#
*,,,,,,,* #.#.#.#.#
*,,,,,,,* #.#.#.#.#
*,,,,$,,* #.#.#.#.#
**,,,,,,,* #z#z#.#[#
**,,,,,,,* #@s...#.#
,,,,,,$,,* #.#.###.##
***,,,,*** #...#....#
****,* #.###.#### *,**
#.# #.#### *,,* #.#
#....# **,* #.# ####.#
*,* #.######.# *,**
#.##.....#


You could see Maggie and 2 wights.

Vanquished Creatures
  A two-headed ogre (D:9)
  Grinder (D:5)
  A wyvern (D:7)
  An ice beast (D:6)
  An ogre (D:5)
  A centaur (D:7)
  2 phantoms (D:4)
  2 kobold brigands
  2 scorpions
  A wight (D:7)
  3 orc priests
  2 jellies
  An iguana (D:5)
  3 orc wizards (D:4)
  3 adders
  2 shadow imps
  2 ufetubi
  2 worms
  A dart slug (D:1)
  13 orcs
  4 bats
  6 endoplasms
  7 giant cockroaches
  4 goblins
  5 hobgoblins
  A jackal (D:1)
  4 quokkas
  5 ball pythons
  3 frilled lizards
  14 kobolds
  3 rats
101 creatures vanquished.

Vanquished Creatures (others)
  40 plants
40 creatures vanquished.

Grand Total: 141 creatures vanquished

Notes
Turn   | Place    | Note
-------+----------+-------------------------------------------
     0 | D:1      | Fartwhistle the Octopode Transmuter began the quest for the
                  | Orb.
     0 | D:1      | Reached XP level 1. HP: 13/13 MP: 3/3
   130 | D:1      | Reached XP level 2. HP: 17/18 MP: 5/5
   311 | D:1      | Found Nial's Assorted Antiques.
   449 | D:1      | Reached XP level 3. HP: 7/23 MP: 4/6
   776 | D:1      | Learned a level 3 spell: Spider Form
   801 | D:2      | Found Goqoum's Armour Boutique.
  1369 | D:2      | Noticed Sigmund
  1539 | D:2      | Identified the +5 ring mail "Ocebintarphy" {rF+ rC+}
  1771 | D:2      | Found a faded altar of an unknown god.
  1953 | D:3      | Reached skill level 3 in Transmutations
  2058 | D:3      | Reached skill level 1 in Poison Magic
  2272 | D:3      | Found an ornate altar of the Wu Jian Council.
  2272 | D:3      | Found a hide-covered altar of Uskayaw.
  2321 | D:3      | Identified the +0 leather armour of a bailey {Rampage rF+
                  | Str+3}
  2482 | D:4      | Noticed a phantom
  2529 | D:4      | Reached XP level 4. HP: 28/28 MP: 4/8
  2648 | D:4      | Reached XP level 5. HP: 33/33 MP: 6/9
  2925 | D:4      | HP: 1/33 [acid (8)]
  3168 | D:4      | Reached XP level 6. HP: 18/39 MP: 1/10
  3218 | D:4      | Reached skill level 4 in Transmutations
  3808 | D:4      | Found a staircase to the Ecumenical Temple.
  3835 | D:4      | Reached XP level 7. HP: 14/45 MP: 9/11
  3987 | Temple   | Entered the Ecumenical Temple
  4101 | Temple   | Became a worshipper of Gozag Ym Sagoz the Greedy
  4343 | D:5      | Entered Level 5 of the Dungeon
  4432 | D:1      | Bought a scroll of identify for 32 gold pieces
  4432 | D:1      | Bought a scroll labelled ZEGISTR QIRENOSUL for 16 gold
                  | pieces
  4594 | D:5      | Noticed Grinder
  4597 | D:5      | Paralysed by Grinder for 4 turns
  4620 | D:5      | Killed Grinder
  4621 | D:5      | Reached skill level 5 in Transmutations
  4803 | D:5      | Found a shadowy altar of Dithmenos.
  4881 | D:5      | Found a sparkling altar of Nemelex Xobeh.
  4882 | D:5      | Found a glowing golden altar of the Shining One.
  4883 | D:5      | Found a broken altar of Ashenzari.
  4883 | D:5      | Found a blossoming altar of Fedhas.
  4976 | D:5      | Reached skill level 5 in Unarmed Combat
  5069 | D:5      | Learned a level 4 spell: Ice Form
  5163 | D:6      | Reached XP level 8. HP: 54/54 MP: 8/12
  5226 | D:6      | Reached skill level 1 in Ice Magic
  5434 | D:6      | Reached skill level 1 in Evocations
  5688 | D:6      | You fall into a shaft and drop 3 floors!
  5688 | D:9      | Found a staircase to the Orcish Mines.
  5696 | D:9      | Noticed a two-headed ogre
  5704 | Orc:1    | Entered Level 1 of the Orcish Mines
  5764 | D:9      | Killed a two-headed ogre
  5765 | D:9      | Reached skill level 6 in Transmutations
  5970 | D:9      | Reached XP level 9. HP: 58/58 MP: 10/15
  6215 | D:7      | Noticed Maggie
  6265 | D:7      | Constricted to death by Maggie

Illustrated notes

Levels and vault maps discovered:
D:1:      scummos_arrival_gate, layout_basic, serial_shops,
          nicolae_shop_dealshenge, minmay_hexomino_c4
D:2:      layout_loops_ring, dreamdust_ecumenical_altar_hidden_monk_grotto,
          serial_shops, nicolae_diamond_shop, roderic_serpentine_path,
          chequers_big_river, uniq_sigmund
D:3:      layout_rooms, gammafunk_temple_overflow_elements,
          palyth_stone_intersect
D:4:      layout_loops_ring, temple_green
D:5:      layout_basic, mainiacjoe_overflow_alcove_3,
          mainiacjoe_overflow_cross_hatched, uniq_grinder
D:6:      layout_basic, amethyst_killhole
D:7:      layout_basic, gammafunk_ghost_smash, uniq_maggie, uniq_joseph,
          uniq_duvessa
D:8:      layout_loops_corners, uniq_pikel
D:9:      layout_roguey, grunt_temple_overflow_magic_moments,
          lemuel_coloured_pillars_altar, david_lair_shrubbed, orc_0_dummy
Temple:   eino_temple_lava
Orc:1:    layout_caves, nicolae_orc_lava_room, uniq_jorgrun

Skill      XL: |  1  2  3  4  5  6  7  8 |
---------------+-------------------------+-----
Transmutations | 3 4 5 6 |  6.4
Poison Magic   | 1 2 3 |  3.0
Spellcasting   | 3 4 |  4.6
Fighting       | 2 4 |  4.0
Unarmed Combat | 4 5 |  5.0
Ice Magic      | 4 |  4.9
Evocations     | 3 |  3.6
Dodging        | |  2.0

Action                     |  1- 3 |  4- 6 |  7- 9 || total
---------------------------+-------+-------+-------++-------
  Melee: Unarmed           |    93 |    95 |   113 ||   301
         Tentacles         |    14 |     1 |     3 ||    18
         Constrict         |    15 |     2 |     2 ||    19
         Kick              |    12 |       |       ||    12
         Punch             |     1 |       |     1 ||     2
         Staff             |       |       |    14 ||    14
  Throw: Boomerang         |       |     7 |     4 ||    11
         Dart              |       |       |     2 ||     2
   Cast: Beastly Appendage |     7 |     1 |     1 ||     9
         Spider Form       |     2 |    10 |     9 ||    21
         Ice Form          |       |       |     4 ||     4
  Evoke: Wand              |       |       |     7 ||     7
    Use: Potion            |       |     3 |     6 ||     9
         Scroll            |       |     2 |    12 ||    14
   Stab: Sleeping          |     4 |     2 |     1 ||     7
         Paralysed         |       |       |    20 ||    20
         Distracted        |       |       |     1 ||     1
 Armour: Skin              |    21 |    12 |    25 ||    58
  Dodge: Dodged            |    77 |    64 |    71 ||   212
  Block: Other             |       |       |    10 ||    10
